 Dungeon Crawl Stone Soup version 0.16-a0-4053-g5391420 (webtiles) character file.

244 Crauler the Chopper (level 5, 41/41 HPs)
             Began as a Demonspawn Gladiator on Feb 11, 2015.
             Quit the game on level 3 of the Dungeon on Feb 20, 2015.
             The game lasted 00:07:29 (2629 turns).

Crauler the Chopper (Demonspawn Gladiator)          Turns: 2629, Time: 00:07:29

Health: 41/41      AC:  8    Str: 16    XL:     5   Next: 83%
Magic:  5/5        EV: 12    Int:  9    God:
Gold:   199        SH:  0    Dex: 14    Spells: 0 memorised, 4 levels left

rFire  . . .     SeeInvis .     a - +0 war axe
rCold  . . .     Clarity  .     y - +0 ring mail
rNeg   . . .     SustAb   .     (no shield)
rPois  .         Gourm    .     c - +0 helmet
rElec  .         Spirit   .     (no cloak)
rCorr  .         Warding  .     u - +0 pair of gloves
rMut   .         Stasis   .     (no boots)
MR     .....                    (no amulet)
Stlth  +.........               (no ring)
                                (no ring)

@: not resistant to hostile enchantments, very unstealthy
A: molten scales 1, demonic guardian 1, powered by pain 1
a: no special abilities


You were on level 3 of the Dungeon.
You were not hungry.

You visited 1 branch of the dungeon, and saw 3 of its levels.

You collected 199 gold pieces.

Inventory:

Hand weapons
 a - a +0 war axe (weapon)
 x - a +0 blowgun
Missiles
 d - 3 throwing nets (quivered)
 q - 22 poisoned needles
 v - 8 curare-tipped needles
Armour
 c - a +0 helmet (worn)
 u - a +0 pair of gloves (worn)
 y - a +0 ring mail (worn)
Magical devices
 t - a wand of lightning (7)
Scrolls
 h - 3 scrolls of remove curse
 i - a scroll of immolation {unknown}
 m - a scroll of identify
 n - 2 scrolls of enchant weapon {unknown}
 p - 3 scrolls of blinking {unknown}
 s - a scroll of enchant armour {unknown}
Potions
 e - 3 potions of agility {unknown}
 g - a potion of magic {unknown}
 l - a potion of heal wounds {unknown}
 o - a potion of curing {unknown}
 w - a potion of brilliance {unknown}
 z - a potion of beneficial mutation {unknown}
 A - a potion of lignification {unknown}
Books
 b - a book of Ice

   Spells                             Type                      Level
   a - Ice Form                       Ice/Transmutation            4
   b - Metabolic Englaciation         Hexes/Ice                    5
   c - Ozocubu's Refrigeration        Ice                          6
   d - Bolt of Cold                   Conjuration/Ice              6
   e - Freezing Cloud                 Conjuration/Ice/Air          6
   f - Simulacrum                     Ice/Necromancy               6
Comestibles
 f - 6 bread rations
 j - a royal jelly
 k - a slice of pizza
 r - 2 meat rations


   Skills:
 + Level 3.1 Fighting
 * Level 4.4 Axes
 - Level 1.7 Throwing
 + Level 1.9 Armour
 + Level 3.6 Dodging


You had 4 spell levels left.
You didn't know any spells.

Dungeon Overview and Level Annotations

Branches:
Dungeon (3/15)

Altars:
Yredelemnul


Innate Abilities, Weirdness & Mutations

You are partially covered in molten scales (AC +1).
A weak demonic guardian rushes to your aid.
You sometimes gain a little power by taking damage.


Message History

There is an open door here.
t - a wand of lightning You now have 199 gold pieces (gained 5).
A giant gecko comes into view.
Found a stone staircase leading down.
A giant gecko is nearby!
The giant gecko bites you but does no damage.
You hit the giant gecko.
The giant gecko is severely wounded.
The giant gecko bites you but does no damage. x2
You slash the giant gecko!
You kill the giant gecko!
No target in view!
No target in view!
No target in view!
Quiver which item? (- for none, * to show all) (? for menu, Esc to quit)
You don't have any such object.
Quiver which item? (- for none, * to show all) (? for menu, Esc to quit)
Okay, then.
Are you sure you want to abandon this character and quit the game? (Confirm with "yes".)

#.##............# #.#
#.######..####.####.#
#.######..# #......#
#.........# ########
#########.####
#......# #.#.##.#
#.#.##.#### #
#.@.....#
....>....#.##.#
####....#.# #
#......# #.......
###..### #... #.## '


There were no monsters in sight!

Vanquished Creatures
  Grinder (D:3)
  2 adders
  A worm (D:2)
  A giant gecko (D:3)
  An ooze (D:2)
  An orc (D:3)
  10 bats
  A giant cockroach (D:3)
  12 goblins
  9 hobgoblins
  6 jackals
  7 kobolds
  A quokka (D:2)
  3 giant newts
  2 rats
58 creatures vanquished.

Vanquished Creatures (others)
  A crimson imp (D:3)
1 creature vanquished.

Grand Total: 59 creatures vanquished

Notes
Turn   | Place    | Note
--------------------------------------------------------------
     0 | D:1      | Crauler, the Demonspawn Gladiator, began the quest for the Orb.
     0 | D:1      | Reached XP level 1. HP: 16/16 MP: 1/1
     0 | D:1      | Upgraded the game from 0.16-a0-3972-g91ea21f to 0.16-a0-4053-g5391420
   206 | D:1      | Gained mutation: You are partially covered in molten scales (AC +1). [demonic ancestry]
   206 | D:1      | Reached XP level 2. HP: 22/22 MP: 2/2
   408 | D:1      | Reached skill level 3 in Axes
   848 | D:1      | Reached XP level 3. HP: 23/27 MP: 3/3
   957 | D:2      | Reached skill level 1 in Armour
  1902 | D:3      | Gained mutation: A weak demonic guardian rushes to your aid. [demonic ancestry]
  1902 | D:3      | Reached XP level 4. HP: 27/34 MP: 4/4
  2035 | D:3      | Found a basalt altar of Yredelemnul.
  2249 | D:3      | Noticed Grinder
  2274 | D:3      | Killed Grinder
  2274 | D:3      | Reached skill level 4 in Axes
  2274 | D:3      | Gained mutation: You sometimes gain a little power by taking damage. [demonic ancestry]
  2274 | D:3      | Reached XP level 5. HP: 7/41 MP: 5/5
  2629 | D:3      | Quit the game

Action                   |  1- 3 |  4- 6 || total
-------------------------+-------+-------++-------
Melee: War axe           |   171 |    41 ||   212
  Use: Scroll            |     2 |       ||     2
 Stab: Distracted        |       |     1 ||     1
  Eat: Chunk             |     3 |     3 ||     6
